 Dungeon Crawl Stone Soup version 0.27.0-1-g7a08968 (webtiles) character file.

Game seed: 5680088364289060957

4470 NeededCrab the Basher (level 10, -7/72 HPs)
             Began as a Black Draconian Transmuter on Oct 2, 2021.
             Was a High Priest of Wu Jian.
             Mangled by a killer bee (8 damage)
             ... while paralysed by a hornet
             ... on level 9 of the Dungeon.
             The game lasted 00:40:46 (11675 turns).

NeededCrab the Basher (Black Draconian Transmuter) Turns: 11675, Time: 00:40:47

Health: -7/72      AC:  8    Str: 13    XL:     10   Next: 15%
Magic:  17/22      EV:  2    Int: 14    God:    Wu Jian [*****.]
Gold:   703        SH:  0    Dex: 20    Spells: 1/13 levels left

rFire    . . .     SeeInvis .   C - +0 flail
rCold    . . .     Faith    .   f - +0 buckler
rNeg     . . .     Spirit   .   (armour unavailable)
rPois    .         Reflect  .   (helmet restricted)
rElec    +         Harm     .   (no cloak)
rCorr    .         Rampage  .   J - +0 pair of gloves
Will     .....                  (no boots)
Stlth    ++........             i - amulet of the acrobat
HPRegen  0.22/turn              r - +6 ring of dexterity
MPRegen  0.18/turn              s - ring of magical power

@: paralysed, lethally poisoned (-7 -> -26), short of breath, wereblooded,
slowed
A: breathe lightning, AC +7, unfitting armour, electricity resistance,
cold-blooded
a: Breathe Lightning, Renounce Religion, Wall Jump, Serpent's Lash, Heavenly
Storm


You were on level 9 of the Dungeon.
You worshipped Wu Jian.
Wu Jian was extremely pleased with you.
You visited 1 branch of the dungeon, and saw 9 of its levels.
You also visited: Ossuary.

You collected 703 gold pieces.

Inventory:

Hand Weapons
 C - a +0 flail (weapon)
Missiles
 u - a throwing net
Armour
 f - a +0 buckler (worn)
 J - a +0 pair of gloves (worn)
Magical Staves
 y - a staff of conjuration
Jewellery
 g - a ring of fire
 i - an amulet of the acrobat (around neck)
 r - a +6 ring of dexterity (left hand)
 s - a ring of magical power (right hand)
 x - a ring of flight
Wands
 q - a wand of mindburst (17)
 z - a wand of acid (9)
 G - a wand of paralysis (10)
 K - a wand of charming (10)
 L - a wand of flame (21)
Scrolls
 a - 2 scrolls of magic mapping
 b - a scroll of enchant armour {unknown}
 c - 2 scrolls of summoning {unknown}
 e - 2 scrolls of enchant weapon {unknown}
 l - 2 scrolls of fog
 n - a scroll of silence {unknown}
 p - a scroll of noise {unknown}
 t - 4 scrolls of teleportation
 w - a scroll of amnesia
 A - a scroll of blinking
 B - a scroll of holy word {unknown}
 E - a scroll of vulnerability {unknown}
 I - a scroll of immolation {unknown}
 M - 2 scrolls of identify
Potions
 d - a potion of ambrosia
 h - a potion of cancellation {unknown}
 j - a potion of invisibility {unknown}
 k - 3 potions of might
 m - 2 potions of attraction {unknown}
 o - a potion of magic {unknown}
 v - 2 potions of heal wounds
 D - a potion of flight {unknown}
 F - a potion of haste {unknown}
 H - 2 potions of curing {unknown}


   Skills:
 - Level 1.6 Fighting
 * Level 11.4 Maces & Flails
 - Level 1.7 Dodging
 - Level 4.0 Shields
 - Level 3.0 Unarmed Combat
 - Level 2.1 Spellcasting
 + Level 3.1 Transmutations
 - Level 8.5 Air Magic
 - Level 2.0 Poison Magic


You had one spell level left.
You knew the following spells:

 Your Spells              Type           Power      Damage    Failure   Level
a - Beastly Appendage     Tmut           20%        N/A       6%          1
b - Wereblood             Tmut           10%        N/A       10%         2
c - Swiftness             Air            25%        N/A       1%          3
d - Airstrike             Air            12%        N/A       7%          4
e - Poisonous Vapours     Pois/Air       32%        N/A       4%          2

Your spell library contained the following spells:

 Spells                   Type           Power      Damage    Failure   Level
 Shock                    Conj/Air       52%        1d6       4%          1
 Sting                    Tmut/Pois      32%        1d4       9%          1
 Corona                   Hex            1%         N/A       24%         1
 Freeze                   Ice            4%         1d3       24%         1
 Summon Small Mammal      Summ           4%         N/A       24%         1
 Spider Form              Tmut/Pois      4%         N/A       24%         3
 Ensorcelled Hibernation  Hex/Ice        2%         N/A       34%         2
 Sublimation of Blood     Necr           0%         N/A       34%         2
 Call Canine Familiar     Summ           1%         N/A       56%         3
 Frozen Ramparts          Ice            2%         1d2       56%         3
 Gell's Gravitas          Tloc           0%         N/A       56%         3
 Lesser Beckoning         Tloc           0%         N/A       56%         3
 Ozocubu's Armour         Ice            1%         N/A       56%         3
 Summon Guardian Golem    Hex/Summ       1%         N/A       56%         3
 Teleport Other           Tloc           1%         N/A       56%         3
 Tukima's Dance           Hex            1%         N/A       56%         3
 Olgreb's Toxic Radiance  Pois           7%         N/A       71%         4
 Ice Form                 Ice/Tmut       5%         N/A       77%         4
 Petrify                  Tmut/Erth      5%         N/A       77%         4
 Hailstorm                Conj/Ice       1%         3d3       93%         4
 Irradiate                Conj/Tmut      2%         3d14      98%         5
 Metabolic Englaciation   Hex/Ice        0%         N/A       100%        5
 Dispersal                Tloc           0%         N/A       100%        6
 Simulacrum               Ice/Necr       0%         N/A       100%        6


Dungeon Overview and Level Annotations

Branches:
Dungeon (9/15)            Ossuary (visited)
 Temple: D:4-7         Lair: D:8-11         Orc: D:9-12

Altars:
Trog
Wu Jian


Innate Abilities, Weirdness & Mutations

You can breathe wild blasts of lightning.
Your glossy black scales are hard. (AC +7)
You cannot fit into any form of body armour.
You are resistant to electric shocks. (rElec)
You are cold-blooded and may be slowed by cold attacks.


Message History

The killer bee misses you. You block the hornet's attack.
A centaur comes into view.
The killer bee stings you but does no damage.
The killer bee completely misses you. The hornet stings you!
You are poisoned.
You feel yourself slow down. The killer bee closely misses you.
You howl as the wereblood boils in your veins!
You feel yourself speed up.
You feel very sick.
The centaur shouts!
You block the killer bee's attack. The killer bee stings you.
The centaur wields a +0 shortbow.
The centaur shoots an arrow.
The arrow misses you.
The arrow misses the killer bee.
The killer bee stings you. You block the killer bee's attack.
The hornet stings you.
You suddenly lose the ability to move!
The killer bee stings you! The killer bee stings you.
The centaur shoots an arrow.
The arrow hits you but does no damage. The killer bee completely misses you.
The hornet stings you.
You are more poisoned.
You feel yourself slow down.
The killer bee stings you but does no damage. x2
You feel very sick. The killer bee stings you. x2
You are more poisoned.
The killer bee poisons you! The killer bee stings you!
* * * LOW HITPOINT WARNING * * *
The hornet stings you.
* * * LOW HITPOINT WARNING * * *
You shrug off the repeated paralysis!
The centaur shoots an arrow.
The arrow hits you!
* * * LOW HITPOINT WARNING * * *
The killer bee stings you.
* * * LOW HITPOINT WARNING * * *
The killer bee completely misses you. The killer bee barely misses you.
* * * LOW HITPOINT WARNING * * *
You feel very sick. The hornet barely misses you.
The killer bee stings you but does no damage.
The killer bee stings you!
You die...

. ## # . ...
#.#. .... ....#
#....
#....#####.....
..c...#........
#.....y..>...
#.@y......
#....yy.#....
.......#..# .
#...... #..#
..###.. #..# .
... #.# #..# ..
### ..


You could see a hornet, a centaur and 3 killer bees.

Vanquished Creatures
  A manticore (D:7)
  An unseen horror (D:6)
  Maggie (D:7)
  Grinder (D:5)
  A wyvern (D:7)
  Eustachio (D:6)
  A water moccasin (D:7)
  2 ice beasts (D:7)
  A black bear (D:6)
  4 ogres
  3 necrophages
  4 centaurs
  A phantom (D:5)
  2 elf zombies (Ossuary)
  2 kobold brigands (D:7)
  3 bullfrogs
  A wyvern zombie (D:6)
  A wyvern skeleton (D:7)
  2 killer bees
  6 electric eels (D:7)
  3 centaur zombies
  A human zombie (Ossuary)
  2 hounds
  A bullfrog skeleton (D:6)
  2 gnoll shamans (D:7)
  2 centaur skeletons
  3 iguanas
  2 orc priests
  An orc wizard (D:7)
  2 killer bee zombies (D:7)
  3 mummies
  Robin (D:4)
  8 gnolls (D:7)
  8 adders
  A white imp (D:8)
  An ufetubus (D:5)
  2 worms
  4 dart slugs
  12 orcs
  6 ball pythons
  6 bats
  9 endoplasms
  2 giant cockroaches
  2 gnoll zombies (Ossuary)
  20 goblins
  11 hobgoblins
  3 jackals (D:1)
  A quokka (D:1)
  5 frilled lizards
  4 goblin zombies (Ossuary)
  2 hobgoblin zombies
  18 kobolds
  A kobold zombie (D:4)
  3 orc zombies (Ossuary)
  8 rats
199 creatures vanquished.

Vanquished Creatures (others)
  3 plants (D:7)
  3 withered plants (D:1)
6 creatures vanquished.

Grand Total: 205 creatures vanquished

Notes
Turn   | Place    | Note
-------+----------+-------------------------------------------
     0 | D:1      | NeededCrab the Draconian Transmuter began the quest for the
                  | Orb.
     0 | D:1      | Reached XP level 1. HP: 16/16 MP: 3/3
   104 | D:1      | Reached XP level 2. HP: 3/23 MP: 5/5
   111 | D:1      | Reached skill level 1 in Maces & Flails
   445 | D:1      | Learned a level 2 spell: Wereblood
   476 | D:1      | Found a faded altar of an unknown god.
   497 | D:1      | Became a worshipper of the Wu Jian Council
   497 | D:1      | Reached * piety under Wu Jian
   720 | D:1      | Reached XP level 3. HP: 28/28 MP: 0/6
  1064 | D:1      | You fall into a shaft and drop 1 floor!
  1919 | D:2      | Reached skill level 2 in Maces & Flails
  1945 | D:2      | Reached ** piety under Wu Jian
  2073 | D:2      | Reached XP level 4. HP: 35/35 MP: 4/7
  2394 | D:3      | Reached skill level 1 in Shields
  3094 | D:4      | Noticed a centaur
  3133 | D:4      | Reached XP level 5. HP: 37/40 MP: 8/8
  3160 | D:4      | Reached skill level 3 in Maces & Flails
  3167 | D:4      | Noticed Robin
  3173 | D:4      | Reached *** piety under Wu Jian
  3182 | D:4      | Killed Robin
  3188 | D:4      | HP: 1/40 [goblin[Robin] (5)]
  3197 | D:4      | Found a sand-covered staircase.
  3482 | Ossuary  | Entered an ossuary
  3622 | Ossuary  | Reached XP level 6. HP: 5/47 MP: 9/9
  3640 | Ossuary  | HP: 2/47 [elf zombie (6)]
  3646 | Ossuary  | HP: 1/47 [elf zombie (2)]
  3650 | Ossuary  | Reached skill level 4 in Maces & Flails
  4178 | D:4      | Reached skill level 5 in Maces & Flails
  4782 | D:4      | Reached **** piety under Wu Jian
  4875 | D:5      | Entered Level 5 of the Dungeon
  4979 | D:5      | Found a bloodstained altar of Trog.
  5233 | D:5      | Your scales start taking on a glossy black colour.
  5233 | D:5      | Reached XP level 7. HP: 52/52 MP: 10/10
  5233 | D:5      | Gained mutation: You are resistant to electric shocks.
                  | (rElec) [Black Draconian growth]
  5280 | D:5      | Reached skill level 1 in Air Magic
  5309 | D:5      | Reached skill level 6 in Maces & Flails
  5540 | D:5      | Noticed Grinder
  5554 | D:5      | Killed Grinder
  5562 | D:5      | Learned a level 3 spell: Swiftness
  5901 | D:5      | Reached skill level 7 in Maces & Flails
  5901 | D:5      | Reached XP level 8. HP: 45/59 MP: 11/11
  6388 | D:6      | Reached skill level 8 in Maces & Flails
  6388 | D:6      | Reached skill level 5 in Air Magic
  6715 | D:6      | Killed an unseen horror
  6726 | D:6      | Reached skill level 9 in Maces & Flails
  6952 | D:6      | Noticed Eustachio
  6972 | D:6      | Killed Eustachio
  6973 | D:6      | Reached XP level 9. HP: 59/66 MP: 12/12
  7850 | D:7      | Reached ***** piety under Wu Jian
  7862 | D:7      | Reached skill level 10 in Maces & Flails
  8088 | D:7      | Learned a level 4 spell: Airstrike
  8561 | D:7      | Noticed Maggie
  8576 | D:7      | Killed Maggie
  8577 | D:7      | Reached skill level 1 in Poison Magic
  9048 | D:7      | Learned a level 2 spell: Poisonous Vapours
  9231 | D:7      | Noticed a manticore
  9239 | D:7      | Killed a manticore
  9240 | D:7      | Reached skill level 11 in Maces & Flails
  9240 | D:7      | Reached XP level 10. HP: 29/72 MP: 13/13
 11407 | D:9      | Noticed a two-headed ogre
 11407 | D:9      | Noticed a two-headed ogre
 11673 | D:9      | Paralysed by a hornet for 3 turns
 11675 | D:9      | HP: 1/72 [poisoned by a killer bee]
 11675 | D:9      | Mangled by a killer bee

Illustrated notes

Levels and vault maps discovered:
D:1:      tarquinn_simple_flora_water_f, layout_basic, serial_glass,
          glass_columns_b, glass_columns_a, ebering_ecumenical_altar_petrified,
          minmay_tetromino_i4
D:2:      layout_basic, st_stairs_5, minmay_split_cup_small
D:3:      layout_basic
D:4:      layout_cave_pools, nicolae_ossuary_entry_giza, uniq_robin
D:5:      layout_basic, nicolae_overflow_crystal_walls, supply_closet_lemuel,
          uniq_grinder
D:6:      layout_basic, minmay_misc_feat_doors, minmay_checkerbox,
          uniq_eustachio
D:7:      cheibrodos_two_vegetables, layout_gridville,
          minmay_temple_entry_from_below_a, minmay_fractal_squares_gapless_5,
          uniq_maggie
D:8:      layout_cave_pods
D:9:      hangedman_cross_cluster, layout_cave_pods, kennysheep_big_empty_room,
          uniq_harold

Skill      XL: |  1  2  3  4  5  6  7  8  9 |
---------------+----------------------------+-----
Maces & Flails | 1 2 3 5 7 9 11 | 11.4
Transmutations | 3 |  3.1
Shields        | 2 3 4 |  4.0
Air Magic      | 3 6 8 |  8.5
Poison Magic   | 2 |  2.0
Fighting       | |  1.6
Dodging        | |  1.7
Unarmed Combat | |  3.0
Spellcasting   | |  2.1

Action                   |  1- 3 |  4- 6 |  7- 9 | 10-12 || total
-------------------------+-------+-------+-------+-------++-------
Melee: Unarmed           |    17 |       |       |       ||    17
       Kick              |    13 |    47 |    67 |       ||   127
       Dagger            |    35 |       |       |       ||    35
       Club              |    58 |       |       |       ||    58
       Tailslap          |     8 |    23 |    38 |     1 ||    70
       Headbutt          |     5 |    25 |    53 |       ||    83
       Whip              |    51 |   197 |   158 |       ||   406
       Flail             |       |       |    99 |    12 ||   111
 Cast: Beastly Appendage |    18 |    32 |    24 |       ||    74
       Wereblood         |    10 |     6 |     6 |     1 ||    23
       Airstrike         |       |       |    22 |     8 ||    30
       Poisonous Vapours |       |       |       |    40 ||    40
       Swiftness         |       |       |       |     1 ||     1
Invok: Whirlwind         |     7 |     4 |     9 |       ||    20
       Lunge             |     6 |    22 |    24 |     1 ||    53
 Abil: Wall Jump         |       |    18 |     3 |       ||    21
       Breathe Lightning |       |       |    15 |     1 ||    16
  Use: Scroll            |       |     3 |     5 |       ||     8
       Potion            |       |       |     3 |       ||     3
 Stab: Sleeping          |     2 |     6 |       |       ||     8
Armor: Skin              |    59 |    45 |    67 |    10 ||   181
Dodge: Dodged            |   115 |    76 |   141 |    22 ||   354
Block: Buckler           |    17 |    35 |    73 |     7 ||   132
